 Dungeon Crawl Stone Soup version 0.17-a0-1778-gd369669 (webtiles) character file.

533 ololoev the Poker (level 7, -2/82 HPs)
             Began as a Purple Draconian Skald on Sept 8, 2015.
             Was an Initiate of Nemelex Xobeh.
             Slain by an iguana (4 damage)
             ... on level 4 of the Dungeon.
             The game lasted 00:09:41 (3632 turns).

ololoev the Poker (Purple Draconian Skald)          Turns: 3632, Time: 00:09:41

Health: -2/82      AC: 23    Str: 14    XL:     7   Next: 4%
Magic:  10/10      EV:  2    Int: 12    God:    Nemelex Xobeh [......]
Gold:   24         SH:  0    Dex: 13    Spells: 2 memorised, 7 levels left

rFire  . . .     SeeInvis .     d - +7 great mace (venom)
rCold  . . .     Clarity  .     (armour unavailable)
rNeg   + + +     SustAt   .     (no shield)
rPois  +         Gourm    .     (helmet currently unavailable)
rElec  .         Spirit   .     (cloak currently unavailable)
rCorr  .         Warding  .     (gloves currently unavailable)
rMut   .         NoTele   +     (boots currently unavailable)
MR     +....                    (no amulet)
Stlth  +.........               (no ring)
                                n - +3 ring of evasion (curse)

@: tree-form, somewhat resistant to hostile enchantments, very unstealthy
A: (breathe power), unfitting armour, (big wings), mutation resistance 1,
(cold-blooded), AC +6
a: Renounce Religion


Innate Abilities, Weirdness & Mutations

((You can breathe bolts of dispelling energy.))
((Your rich purple scales are hard (AC +6).))
Your body does not fit into most forms of armour.
((You are cold-blooded and may be slowed by cold attacks.))
((Your large and strong wings let you fly indefinitely.))
You are somewhat resistant to further mutation.

Inventory:

Hand weapons
 a - a +0 spear
 d - a +7 great mace of venom (weapon)
Missiles
 g - 8 javelins (quivered)
Armour
 i - a +0 cloak (melded)
 p - a +0 pair of gloves (melded)
Jewellery
 n - a cursed +3 ring of evasion (left branch)
Magical devices
 q - a wand of frost (34)
 v - a wand of magic darts (15)
Scrolls
 m - a scroll of recharging {unknown}
 r - a scroll of amnesia {unknown}
 s - a scroll of enchant armour {unknown}
 u - a scroll of fog {unknown}
Potions
 e - a potion of magic
 j - a potion of heal wounds
 t - a potion of brilliance
Books
 b - a book of Battle

   Spells                             Type                      Level
   a - Infusion                       Charms                       1
   b - Shroud of Golubria             Charms/Translocation         2
   c - Song of Slaying                Charms                       2
   d - Spectral Weapon                Hexes/Charms                 3
   e - Regeneration                   Charms/Necromancy            3
Miscellaneous
 x - a plain deck of destruction {drawn: 2}
Comestibles
 c - 5 bread rations
 f - 4 meat rations
 k - a beef jerky
 o - a slice of pizza
 w - 12 fruits
 z - 3 chunks of flesh


   Skills:
 - Level 2.1 Fighting
 + Level 7.4 Polearms
 - Level 1.3 Dodging
 - Level 2.4 Spellcasting
 - Level 3.2 Charms
 + Level 1.9 Evocations


You had 7 spell levels left.
You knew the following spells:

 Your Spells              Type           Power        Failure   Level  Hunger
a - Infusion              Chrm           #.....       10%         1    ##.....
b - Song of Slaying       Chrm           #.......     12%         2    ###....


You were on level 4 of the Dungeon.
You worshipped Nemelex Xobeh.
Nemelex Xobeh was noncommittal.
You were not hungry.
You were a tree.
You visited 2 branches of the dungeon, and saw 5 of its levels.

You collected 173 gold pieces.
You spent 149 gold pieces at shops.

###### ########### ######
####....# #.........# #.....
...#....# #.........# #.....
...#....# #.........# #.....
...#....# #.........# #.....
...'....# #.........# #..[..
..)#....# #.........# #.....
...#....#####..l♣.....######.....
...#.........##∩##..........#'###
...#.........#...+..........#....
...+.........#...#..........+....
...#.).......+...#..........###..
...#.........#...#....##+######..
...#....#+####+###....#..........
...#....# #....+..........
...#....# #....#..........

Notes
Turn   | Place    | Note
--------------------------------------------------------------
     0 | D:1      | ololoev the Draconian Skald began the quest for the Orb.
     0 | D:1      | Reached XP level 1. HP: 17/17 MP: 3/3
    58 | D:1      | Reached XP level 2. HP: 24/24 MP: 0/5
    62 | D:1      | Learned a level 2 spell: Song of Slaying
   115 | D:1      | Reached skill level 3 in Polearms
   604 | D:1      | Reached XP level 3. HP: 29/29 MP: 6/6
   896 | D:2      | Reached skill level 4 in Polearms
  1181 | D:2      | Reached XP level 4. HP: 32/36 MP: 5/7
  1325 | D:2      | Found a faded altar to an unknown god.
  1595 | D:3      | Noticed an ogre
  1612 | D:3      | Killed an ogre
  1612 | D:3      | Reached skill level 5 in Polearms
  1612 | D:3      | Reached XP level 5. HP: 21/41 MP: 4/8
  1842 | D:3      | Found a shadowy altar of Dithmenos.
  2188 | D:3      | Reached skill level 6 in Polearms
  2640 | D:4      | Reached XP level 6. HP: 29/48 MP: 5/9
  3041 | D:4      | Reached skill level 7 in Polearms
  3130 | D:4      | Found a staircase to the Ecumenical Temple.
  3139 | Temple   | Entered the Ecumenical Temple
  3153 | Temple   | Became a worshipper of Nemelex Xobeh the Trickster
  3254 | D:4      | Received a gift from Nemelex Xobeh
  3268 | D:4      | Found Lyasamni's Antique Weapon Shop.
  3525 | D:4      | Noticed an ogre
  3540 | D:4      | Killed an ogre
  3540 | D:4      | Reached skill level 1 in Evocations
  3540 | D:4      | Your scales start taking on a rich purple colour.
  3540 | D:4      | Reached XP level 7. HP: 53/55 MP: 10/10
  3566 | D:4      | Gained mutation: You are somewhat resistant to further mutation. [potion of mutation]
  3566 | D:4      | Gained mutation: Your large and strong wings let you fly indefinitely. [potion of mutation]
  3599 | D:4      | Bought a glowing great mace for 149 gold pieces
  3622 | D:4      | HP: 4/82 [iguana (6)]
  3631 | D:4      | HP: 2/82 [iguana (4)]
  3632 | D:4      | Slain by an iguana

Dungeon Overview and Level Annotations

Branches:
Dungeon (4/15)             Temple (1/1) D:4

Altars:
Cheibriados
Dithmenos
Elyvilon
Gozag
Kikubaaqudgha
Makhleb
Nemelex Xobeh
Okawaru
Qazlal
Ru
Sif Muna
Trog
Vehumet
Xom
Yredelemnul
Zin
The Shining One

Shops:
D:4 (


Message History

d - a +7 great mace of venom (weapon)
The iguana closely misses you. The iguana closely misses you.
The iguana bites you. The iguana barely misses you.
The iguana barely misses you.
The iguana bites you but does no damage.
The iguana barely misses you. The iguana bites you. The iguana misses you.
The iguana completely misses you. The iguana bites you!
The iguana barely misses you. The iguana closely misses you.
The iguana closely misses you. The iguana misses you. The iguana misses you.
The iguana closely misses you. The iguana bites you! The iguana bites you.
The iguana bites you. The iguana bites you!
Drink which item? (? for menu, Esc to quit)
You turn into a tree.
Your +0 cloak melds into your body.
Your +0 pair of gloves melds into your body.
Your roots penetrate the ground.
The iguana bites you but does no damage.
The iguana bites you.
The iguana bites you but does no damage.
The iguana bites you but does no damage.
The iguana barely misses you.
The iguana bites you but does no damage.
The iguana bites you but does no damage.
The iguana bites you but does no damage.
The iguana barely misses you.
The iguana bites you but does no damage.
The iguana bites you. The iguana bites you.
You die...
Your body disappears without a glow.

You could see an iguana.

Vanquished Creatures
  2 ogres
  A scorpion (D:4)
  An orc priest (D:4)
  2 orc wizards
  3 worker ants
  A gnoll (D:1)
  4 adders
  3 oozes
  A worm (D:2)
  5 giant geckos
  8 orcs
  6 giant cockroaches
  10 goblins
  8 hobgoblins
  9 jackals
  4 kobolds
  2 quokkas
  4 bats
  2 giant newts
  18 rats
94 creatures vanquished.

Action                   |  1- 3 |  4- 6 |  7- 9 || total
-------------------------+-------+-------+-------++-------
Melee: Spear             |   126 |   260 |       ||   386
Throw: Javelin           |     1 |    14 |       ||    15
 Cast: Infusion          |     3 |     4 |       ||     7
       Song of Slaying   |     3 |     3 |       ||     6
Evoke: Wand              |       |     4 |       ||     4
       Deck              |       |     2 |       ||     2
  Use: Scroll            |       |       |     4 ||     4
       Potion            |       |       |     2 ||     2
 Stab: Sleeping          |       |     4 |       ||     4
  Eat: Chunk             |     1 |     8 |     1 ||    10

Vault maps used:
D:1:      erik_arrival_orb_chamber, feat_on_display
D:2:      ecumenical_altar_1, first_bread
D:3:      old_standard_altar
D:4:      minmay_temple_entry_statues_pillars, serial_shops, shop,
          minmay_misc_feat_x, dk_vineyard_2
Temple:   lightli_temple_of_artemis
